 Dungeon Crawl Stone Soup version 0.31-a0-662-g684573625c (webtiles) character file.

Game seed: 13899356685209648247

39 Ofeo the Magician (level 3, 0/25 HPs)
             Began as a Djinni Fire Elementalist on Aug 31, 2023.
             Slain by an adder (2 damage)
             ... on level 2 of the Dungeon.
             The game lasted 00:01:28 (812 turns).

Ofeo the Magician (Djinni Fire Elementalist)         Turns: 812, Time: 00:01:29

Health: 0/25       AC:  2    Str:  7    XL:     3   Next: 67%
Gold:   11         EV: 12    Int: 18    God:
                   SH:  0    Dex: 13

rFire   + + .        (no weapon)
rCold   x . .        (no shield)
rNeg    . . .        a - +0 robe
rPois   ∞            (no helmet)
rElec   .            (no cloak)
rCorr   .            (no gloves)
SInv    .            (boots unavailable)
Will    .....        (no amulet)
Stlth   ++           (no ring)
HPRegen 0.24/turn    (no ring)
MPRegen 0.00/turn

%: infuse magic (-1 HP)
@: mighty, flying
A: sickness immunity, fire resistance 2, cold vulnerability 1, float, innate
caster, HP casting, extra vitality 1
a: no special abilities


You were on level 2 of the Dungeon.
You visited 1 branch of the dungeon, and saw 2 of its levels.

You collected 11 gold pieces.

Inventory:

Armour
 a - a +0 robe (worn)
Scrolls
 b - a scroll of teleportation {unknown}
 f - a scroll of fear {unknown}
Potions
 d - a potion of curing {unknown}
 e - 2 potions of haste {unknown}


   Skills:
 + Level 3.0 Dodging
 + Level 2.3 Stealth
 + Level 3.2 Spellcasting
 + Level 3.2 Conjurations
 + Level 3.2 Hexes
 + Level 3.2 Summonings
 + Level 3.2 Necromancy
 + Level 3.2 Translocations
 + Level 3.2 Transmutations
 + Level 3.2 Fire Magic
 + Level 3.2 Ice Magic
 + Level 3.2 Air Magic
 + Level 3.2 Earth Magic
 + Level 3.2 Poison Magic


You knew the following spells:

 Your Spells              Type           Power      Damage    Failure   Level
a - Foxfire               Conj/Fire      56%        2x1d6     4%          1
b - Scorch                Fire           28%        2d6       6%          2
c - Volatile Blastmotes   Fire/Tloc      28%        2d12      13%         3
d - Inner Flame           Hex/Fire       14%        N/A       13%         3
e - Flame Wave            Conj/Fire      14%        2d6       38%         4
f - Slow                  Hex            56%        N/A       4%          1
Your spell library was empty.

Dungeon Overview and Level Annotations

Branches:
Dungeon (2/15)

Altars:
Ru

Shops:
D:2 *

Annotations:
D:2 Jessica


Innate Abilities, Weirdness & Mutations

You are immune to sickness and miasma.
You are immune to poison.
Your flesh is very heat resistant. (rF++)
You are vulnerable to cold. (rC-)
You float through the air rather than walking.
You learn spells naturally, not from books.
Your magical power is your life essence.
You have superior vitality. (+4 MHP)


Message History

You take 1 damage, and have 12/25 hp.
You barely miss the jackal. The jackal closely misses you.
You hit the jackal.
The jackal is almost dead.
The jackal closely misses you.
You hit the jackal.
You kill the jackal!
The jackal bites you but does no damage.
You hit the jackal.
You kill the jackal!
A worm comes into view.
The adder bites you.
Your Dodging skill increases to level 3!
You take 1 damage, and have 12/25 hp.
You closely miss the adder. The adder misses you.
You barely miss the adder. The adder completely misses you.
You miss the adder. The adder bites you.
You hit the adder.
The adder is moderately wounded.
The adder bites you. x2
* * * LOW HITPOINT WARNING * * *
Jessica the Apprentice Sorceress comes into view.
She is wielding a +0 dagger.
You take 7 damage, and have 5/25 hp.
MASSIVE DAMAGE!!
You barely miss the adder.
The adder is moderately wounded.
Jessica shouts!
The adder misses you.
You closely miss the adder.
The adder is moderately wounded.
The adder bites you.
* * * LOW HITPOINT WARNING * * *
You take 3 damage, and have 2/25 hp.
You hit the adder but do no damage.
The adder is moderately wounded.
The adder completely misses you. The adder bites you.
* * * LOW HITPOINT WARNING * * *
You closely miss the adder.
The adder is moderately wounded.
The adder bites you.
You die...

#.# #.# .. #.# .. #.#
.### #.# @.. #.# .. #.#
##. ## #.## #w# ...
#..######### #@# !.#
#..........###S## #.#
#.###.####....h.###..##.
#.# #.#∩.#............!!
#.###.##.#.#####..##>#.
#..##....#.# #..#
############ #..# ..†#
..###


You could see a worm, an adder, Jessica and a jackal.

Vanquished Creatures
  A dart slug (D:1)
  2 ball pythons (D:1)
  2 bats
  4 endoplasms
  4 goblins (D:1)
  2 hobgoblins (D:1)
  3 jackals (D:2)
  6 kobolds (D:1)
  2 quokkas
  6 rats
32 creatures vanquished.

Vanquished Creatures (others)
  58 foxfires (D:1)
58 creatures vanquished.

Grand Total: 90 creatures vanquished

Notes
Turn   | Place    | Note
-------+----------+-------------------------------------------
     0 | D:1      | Ofeo the Djinni Fire Elementalist began the quest for the
                  | Orb.
     0 | D:1      | Ofeo set off with the following spells memorised: Foxfire,
                  | Scorch, Volatile Blastmotes, Inner Flame, Flame Wave.
     0 | D:1      | Reached XP level 1. HP: 15/15 MP: 0/0
   153 | D:1      | Reached XP level 2. HP: 19/21 MP: 0/0
   291 | D:1      | Reached XP level 3. HP: 20/25 MP: 0/0
   291 | D:1      | Learned a level 1 spell: Slow
   682 | D:2      | Found a sacrificial altar of Ru.
   764 | D:2      | Found Inlicem's General Store.
   808 | D:2      | Noticed Jessica
   812 | D:2      | Slain by an adder

Illustrated notes

Levels and vault maps discovered:
D:1:      dpeg_arrival_orchard, layout_rooms, chequers_serial_rivers_micro_a
D:2:      layout_loops_ring, basic_altar, serial_shops,
          nicolae_shop_back_alley_shop, uniq_jessica

Skill      XL: |  1  2  3 |
---------------+----------+-----
Spellcasting   | |  3.2
Conjurations   | |  3.2
Hexes          | |  3.2
Summonings     | |  3.2
Necromancy     | |  3.2
Translocations | |  3.2
Transmutations | |  3.2
Fire Magic     | |  3.2
Ice Magic      | |  3.2
Air Magic      | |  3.2
Earth Magic    | |  3.2
Poison Magic   | |  3.2
Stealth        | 2 |  2.3
Dodging        | 3 |  3.0

Action                     || total
---------------------------++-------
  Melee: Unarmed           ||    30
   Cast: Foxfire           ||    42
         Scorch            ||    12
    Use: Potion            ||     1
 Armour: Robe              ||    29
  Dodge: Dodged            ||    31

Table legend: (Time is in decaauts)
 A = Elapsed time spent in this place.
 B = Non-inter-level travel time spent in this place.
 C = Inter-level travel time spent in this place.
 D = Time resting spent in this place.
 E = Time spent auto-exploring this place.
 F = Levels seen in this place.
 G = Mean time per level.
                   A        B        C        D        E       F      G
               +--------+--------+--------+--------+--------+-----+--------+
         Total |    811 |    790 |     21 |      0 |    606 |   2 |  405.5 |
       Dungeon |    811 |    790 |     21 |      0 |    606 |   2 |  405.5 |
               +--------+--------+--------+--------+--------+-----+--------+

Top non-repeatable levels by time:
     D:1: 660 daAuts
     D:2: 151 daAuts
